 Dungeon Crawl Stone Soup version 0.29-a0-72-g1732ff48e7 (webtiles) character file.

Game seed: 15838357038786313223

0 ScaryRabbit the Stinger (level 1, 0/10 HPs)
             Began as a Gargoyle Venom Mage on Feb 3, 2022.
             Slain by a kobold (2 damage)
             ... on level 2 of the Dungeon.
             The game lasted 00:02:11 (299 turns).

ScaryRabbit the Stinger (Gargoyle Venom Mage)        Turns: 299, Time: 00:02:12

Health: 0/10       AC:  4    Str: 11    XL:     1   Next: 10%
Magic:  3/3        EV: 11    Int: 15    God:
Gold:   8          SH:  0    Dex: 10    Spells: 3/4 levels left

rFire   . . .      SeeInvis .   b - +0 dagger
rCold   . . .      Faith    .   (no shield)
rNeg    + . .      Spirit   .   a - +0 robe
rPois   ∞          Reflect  .   (no helmet)
rElec   +          Harm     .   (no cloak)
rCorr   .          Rampage  .   (no gloves)
Will    .....                   (no boots)
Stlth   ++........              (no amulet)
HPRegen 0.03/turn               (no ring)
MPRegen 0.08/turn               (no ring)

@: no status effects
A: sickness immunity, AC +2, negative energy resistance 1, electricity
resistance, torment resistance 1, petrification resistance
a: no special abilities


You were on level 2 of the Dungeon.
You visited 1 branch of the dungeon, and saw 2 of its levels.

You collected 8 gold pieces.

Inventory:

Hand Weapons
 b - a +0 dagger (weapon)
Armour
 a - a +0 robe (worn)


   Skills:
 + Level 1.5 Dodging
 + Level 2.1 Stealth
 + Level 2.0 Spellcasting
 + Level 0.7 Transmutations
 + Level 3.0 Poison Magic


You had 3 spell levels left.
You knew the following spells:

 Your Spells              Type           Power      Damage    Failure   Level
a - Sting                 Tmut/Pois      28%        1d4       11%         1

Your spell library contained the following spells:

 Spells                   Type           Power      Damage    Failure   Level
 Poisonous Vapours        Pois/Air       12%        N/A       19%         2
 Mephitic Cloud           Conj/Pois/Air  4%         N/A       41%         3
 Olgreb's Toxic Radiance  Pois           10%        N/A       54%         4


Dungeon Overview and Level Annotations

Branches:
Dungeon (2/15)

Altars:


Innate Abilities, Weirdness & Mutations

You are immune to sickness and miasma.
Your stone body is resilient. (AC +2)
You are immune to poison.
You resist negative energy. (rN+)
You are resistant to electric shocks. (rElec)
You are resistant to unholy torment.
You are immune to petrification.


Message History

Magic restored.
Okay, then.
Found an escape hatch in the floor.
There is an escape hatch in the floor here.
There is an escape hatch in the floor here.
Unknown command.
You slide downwards.
The hatch slams shut behind you.
The hobgoblin shouts!
The adder hisses angrily.
Found a scroll labelled ETHROU YDGHYMUNA and a fuming inky potion.
Found a stone staircase leading up.
You see here a scroll labelled ETHROU YDGHYMUNA.
Okay, then.
Okay, then.
The adder bites you but does no damage.
You hit the adder.
The adder is lightly wounded.
The adder misses you. The adder bites you.
You hit the adder.
The adder is moderately wounded.
The adder completely misses you. The kobold misses you.
You hit the adder but do no damage.
The adder is moderately wounded.
The adder barely misses you. The kobold hits you but does no damage.
You barely miss the adder.
The adder is moderately wounded.
The adder closely misses you. The kobold misses you. The adder bites you.
You closely miss the adder.
The adder is moderately wounded.
The adder bites you. The kobold completely misses you.
You barely miss the adder.
The adder is moderately wounded.
The adder closely misses you. The kobold hits you but does no damage.
The adder bites you.
* * * LOW HITPOINT WARNING * * *
The adder bites you.
* * * LOW HITPOINT WARNING * * *
The kobold hits you with a +0 dagger.
* * * LOW HITPOINT WARNING * * *
The kobold hits you with a +0 dagger.
You die...

.KS.......
#........#
#.........
#####.........
#.?.........P♣
#.....######.♣
#g.!..#
#.KS..#
#.@...#
#.....#
#.....#
#######


You could see an adder, a hobgoblin and a kobold.

Vanquished Creatures
  A frilled lizard (D:1)
1 creature vanquished.

Notes
Turn   | Place    | Note
-------+----------+-------------------------------------------
     0 | D:1      | ScaryRabbit the Gargoyle Venom Mage began the quest for the
                  | Orb.
     0 | D:1      | Reached XP level 1. HP: 10/10 MP: 3/3
   299 | D:2      | Slain by a kobold

Illustrated notes

Levels and vault maps discovered:
D:1:      eino_arrival_water_star, layout_basic,
          dreamdust_ecumenical_altar_statues
D:2:      layout_basic, serial_shops, nicolae_shop_advertising_works
          [nicolae_subvault_shop_adworks], nicolae_diamond_shop, serial_forest,
          infiniplex_forest_end_3, infiniplex_forest_lined_2,
          infiniplex_forest_3_way, infiniplex_forest_clump_C,
          infiniplex_forest_straight_2, infiniplex_forest_clump_small

Action                   || total
-------------------------++-------
Melee: Dagger            ||    10
 Cast: Sting             ||     1
Armor: Robe              ||     5
Dodge: Dodged            ||     8

Table legend: (Time is in decaauts)
 A = Elapsed time spent in this place.
 B = Non-inter-level travel time spent in this place.
 C = Inter-level travel time spent in this place.
 D = Time resting spent in this place.
 E = Time spent auto-exploring this place.
 F = Levels seen in this place.
 G = Mean time per level.
                   A        B        C        D        E       F      G
               +--------+--------+--------+--------+--------+-----+--------+
         Total |    300 |    230 |     70 |    156 |      0 |   2 |  150.0 |
       Dungeon |    300 |    230 |     70 |    156 |      0 |   2 |  150.0 |
               +--------+--------+--------+--------+--------+-----+--------+

Top non-repeatable levels by time:
     D:1: 284 daAuts
     D:2: 15 daAuts
